 Dungeon Crawl Stone Soup version 0.27.0-1-g7a089689b8 (webtiles) character file.

Game seed: 7420940283283385669

68 H0rd4k the Caller (level 4, -4/30 HPs)
             Began as a Barachi Summoner on Aug 3, 2021.
             Shot with a stone by a goblin (6 damage)
             ... on level 2 of the Dungeon.
             The game lasted 00:04:19 (2215 turns).

H0rd4k the Caller (Barachi Summoner)                Turns: 2215, Time: 00:04:20

Health: -4/30      AC:  2    Str:  9    XL:     4   Next: 19%
Magic:  3/9        EV: 12    Int: 16    God:
Gold:   87         SH:  0    Dex: 13    Spells: 8/9 levels left

rFire    . . .     SeeInvis +   (no weapon)
rCold    . . .     Faith    .   (no shield)
rNeg     . . .     Spirit   .   a - +0 robe
rPois    .         Reflect  .   (no helmet)
rElec    .         Harm     .   (no cloak)
rCorr    .         Rampage  .   (no gloves)
Will     .....                  (no boots)
Stlth    ++........             (no amulet)
HPRegen  0.10/turn              d - ring of see invisible
MPRegen  0.11/turn              (no ring)

@: slow
A: amphibious, slowness 1, strong legs 1, +LOS
a: Hop


You were on level 2 of the Dungeon.
You visited 1 branch of the dungeon, and saw 3 of its levels.

You collected 87 gold pieces.

Inventory:

Armour
 a - a +0 robe (worn)
Jewellery
 d - a ring of see invisible (left hand)
Scrolls
 c - a scroll of blinking {unknown}
Potions
 b - a potion of curing
 e - a potion of resistance {unknown}
 f - a potion of lignification {unknown}
 g - a potion of mutation {unknown}
 h - 2 potions of heal wounds {unknown}


   Skills:
 + Level 2.3 Dodging
 - Level 1.7 Stealth
 * Level 3.3 Spellcasting
 * Level 5.9 Summonings


You had 8 spell levels left.
You knew the following spells:

 Your Spells              Type           Power      Damage    Failure   Level
a - Summon Small Mammal   Summ           84%        N/A       1%          1

Your spell library contained the following spells:

 Spells                   Type           Power      Damage    Failure   Level
 Call Imp                 Summ           21%        N/A       2%          2
 Call Canine Familiar     Summ           21%        N/A       4%          3
 Summon Guardian Golem    Hex/Summ       12%        N/A       16%         3
 Dazzling Flash           Conj/Hex       4%         N/A       47%         3
 Gell's Gravitas          Tloc           1%         N/A       47%         3
 Lesser Beckoning         Tloc           1%         N/A       47%         3
 Teleport Other           Tloc           2%         N/A       47%         3
 Summon Lightning Spire   Summ/Air       12%        N/A       47%         4
 Iskenderun's Mystic Bla  Conj/Tloc      2%         2d3       87%         4
 Starburst                Conj/Fire      1%         8x6d3     100%        6


Dungeon Overview and Level Annotations

Branches:
Dungeon (3/15)

Altars:
Ashenzari
Makhleb
Wu Jian
The Shining One


Innate Abilities, Weirdness & Mutations

You are amphibious.
You cover ground slowly.
You can hop short distances.
You have an extended range of vision and can be seen from far away.


Message History

Your quokka's corpse disappears in a puff of smoke!
The orc wizard casts a spell at you. The magic dart hits you.
Casting: Summon Small Mammal (safe; 1% risk of failure)
Confirm with . or Enter, or press ? or * to list all spells.
The orc wizard gestures wildly while chanting.
The orc wizard flickers and vanishes for a moment.
Unknown command.
Casting: Summon Small Mammal (safe; 1% risk of failure)
Confirm with . or Enter, or press ? or * to list all spells.
Unknown command.
You swap places.
There is a stone staircase leading up here.
Your bat misses the orc wizard.
The orc wizard points at you and mumbles some strange words.
The puff of flame hits your quokka!
Your quokka dies!
Your quokka's corpse disappears in a puff of smoke!
Your bat misses the orc wizard.
Your bat hits the orc wizard but does no damage.
Your bat barely misses the orc wizard.
The orc wizard points at you and mumbles some strange words.
The puff of flame hits you!
* * * LOW HITPOINT WARNING * * *
Your bat hits the orc wizard but does no damage.
Unknown command.
Your bat completely misses the orc wizard.
Your bat misses the orc wizard.
You climb upwards.
A rat, a goblin and a hobgoblin come into view.
There is a stone staircase leading down here.
The hobgoblin shouts!
The goblin shouts!
The goblin hits you with a +0 club.
* * * LOW HITPOINT WARNING * * *
Found a scroll labelled YXZILI RACU and a robe.
An endoplasm comes into view.
The endoplasm quivers.
The goblin unwields a +0 club.
The goblin wields a +0 hunting sling.
The goblin shoots a stone.
The stone hits you.
You die...

. J## # ..##
#. ..# #..
#.#
#..##.### g#
.gr...?##
.##
#.g#..######
...
#>.@......#
##..
####....#..#
####...
###.....
.....#. ##[.
.......
##..##. #)
#. #..##
##..##
#.....


You could see an endoplasm, a hobgoblin, a goblin and a rat.

Vanquished Creatures
  An adder (D:3)
1 creature vanquished.

Vanquished Creatures (collateral kills)
  An orc priest (D:3)
  A jelly (D:3)
  2 adders
  A dart slug (D:2)
  4 orcs (D:3)
  4 ball pythons (D:1)
  3 endoplasms (D:1)
  2 giant cockroaches (D:1)
  2 goblins (D:1)
  5 hobgoblins
  A quokka (D:1)
  2 bats
  2 frilled lizards (D:1)
  A kobold (D:1)
  2 rats
33 creatures vanquished.

Grand Total: 34 creatures vanquished

Notes
Turn   | Place    | Note
-------+----------+-------------------------------------------
     0 | D:1      | H0rd4k the Barachi Summoner began the quest for the Orb.
     0 | D:1      | Reached XP level 1. HP: 13/13 MP: 3/3
    61 | D:1      | Reached skill level 5 in Summonings
   245 | D:1      | Found a faded altar of an unknown god.
   613 | D:1      | Reached XP level 2. HP: 12/19 MP: 0/5
  1736 | D:3      | Found a burning altar of Makhleb.
  1737 | D:3      | Found an ornate altar of the Wu Jian Council.
  1738 | D:3      | Found a broken altar of Ashenzari.
  1742 | D:3      | Found a glowing golden altar of the Shining One.
  1798 | D:3      | Reached XP level 3. HP: 24/24 MP: 0/7
  2050 | D:3      | Reached XP level 4. HP: 30/30 MP: 1/8
  2214 | D:2      | HP: 1/30 [goblin (2)]
  2215 | D:2      | Shot with a stone by a goblin

Illustrated notes

Levels and vault maps discovered:
D:1:      dpeg_arrival_simpleton_b, layout_basic,
          hellmonk_ecumenical_altar_zigzags
D:2:      layout_rooms, uniq_robin
D:3:      kennysheep_big_flooded_room, layout_rooms,
          chequers_temple_overflow_statue_of_worship, uniq_crazy_yiuf_cottage

Skill      XL: |  1  2  3 |
---------------+----------+-----
Summonings     | 5 |  5.9
Spellcasting   | 3 |  3.3
Dodging        | |  2.3
Stealth        | |  1.7

Action                   |  1- 3 |  4- 6 || total
-------------------------+-------+-------++-------
Melee: Unarmed           |    14 |       ||    14
 Cast: Summon Small Mamm |   102 |    13 ||   115
  Use: Potion            |     1 |       ||     1
Armor: Robe              |    12 |       ||    12
Dodge: Dodged            |    38 |       ||    38
